 Dungeon Crawl Stone Soup version 0.22-b1-59-g0aedee7 (webtiles) character file.

71 MTVSty1e the Chopper (level 4, -9/28 HPs)
             Began as a Gargoyle Monk on Aug 9, 2018.
             Killed by divine providence
             ... invoked by an orc priest
              (14 damage)
             ... on level 3 of the Dungeon.
             The game lasted 00:01:42 (1420 turns).

MTVSty1e the Chopper (Gargoyle Monk)                Turns: 1420, Time: 00:01:44

Health: -9/28      AC:  6    Str: 16    XL:     4   Next: 24%
Magic:  4/4        EV: 12    Int: 10    God:
Gold:   91         SH:  0    Dex: 12    Spells: 3/3 levels left

rFire    . . .     SeeInvis .   a - +0 hand axe
rCold    . . .     Gourm    .   (no shield)
rNeg     + . .     Faith    .   d - +0 leather armour (curse)
rPois    ∞         Spirit   .   (no helmet)
rElec    +         Reflect  .   (no cloak)
rCorr    .         Harm     .   (no gloves)
MR       .....     Rnd*Tele +   (no boots)
Stlth    ++........             (no amulet)
HPRegen  0.09/turn              k - ring of teleportation (curse)
MPRegen  0.09/turn              (no ring)

@: hasted, very quick
A: negative energy resistance 1, electricity resistance, unbreathing,
petrification resistance, rot immunity, AC +3
a: no special abilities


You were on level 3 of the Dungeon.
You were not hungry.

You visited 1 branch of the dungeon, and saw 3 of its levels.

You collected 91 gold pieces.

Inventory:

Hand Weapons
 a - a +0 hand axe (weapon)
Armour
 d - a cursed +0 leather armour (worn)
Jewellery
 k - a cursed ring of teleportation (left hand)
Scrolls
 f - a scroll of identify
Potions
 g - 2 potions of curing
Comestibles
 c - 3 rations


   Skills:
 - Level 3.2 Fighting
 + Level 4.5 Axes
 - Level 2.4 Dodging
 - Level 2.1 Stealth


You had 3 spell levels left.
You didn't know any spells.
Your spell library contained the following spells:

 Spells                   Type           Power        Failure   Level  Hunger
 Throw Frost              Conj/Ice       #.....       56%         2    ###....
 Freeze                   Ice            #...         43%         1    ##.....
 Summon Ice Beast         Ice/Summ       #.......     99%         4    #####..
 Ozocubu's Armour         Chrm/Ice       #.......     80%         3    ####...
 Throw Icicle             Conj/Ice       #.......     99%         4    #####..


Dungeon Overview and Level Annotations

Branches:
Dungeon (3/15)

Altars:
Wu Jian


Innate Abilities, Weirdness & Mutations

You are resistant to torment.
Your stone body is resilient. (AC +3)
You are immune to poison.
You resist negative energy. (rN+)
You are resistant to electric shocks. (rElec)
You can survive without breathing.
You are immune to petrification.
You are immune to rotting.


Message History

You are too injured to fight recklessly!
You are too injured to fight recklessly!
You are too injured to fight recklessly!
You are too injured to fight recklessly!
You are too injured to fight recklessly!
You are too injured to fight recklessly!
Unknown command.
Unknown command.
The orc priest begins to cast a cantrip, but forgets the words!
You see here a tomahawk.
It was a potion of haste.
You feel yourself speed up.
You closely miss the orc priest. The orc barely misses you.
The orc priest calls down the wrath of Beogh upon you.
Pain shoots through your body!
* * * LOW HITPOINT WARNING * * *
You closely miss the orc priest. The orc closely misses you.
The orc priest mumbles some strange prayers to Beogh against you.
Beogh smites you!
Ouch! That really hurt!
You die...

####.# #######.. .. .## #.#
... ..# ...# ..# .##### #####
#.. .)..%# ##.. .....# ####..#
.o...# #.....#########oo...#
#.........?..@ooo...#
#..###.############### #..#
##.##### #.....###
.......###...############
.#####..................######
#######.##########.......
#...## #.......


You could see an orc priest and 5 orcs.

Vanquished Creatures
  3 adders
  An ooze (D:1)
  A worm (D:3)
  A leopard gecko (D:2)
  8 bats
  2 giant cockroaches (D:1)
  7 hobgoblins
  A quokka (D:2)
  4 frilled lizards
  3 goblins
  2 kobolds
  5 rats (D:1)
38 creatures vanquished.

Notes
Turn   | Place    | Note
-------+----------+-------------------------------------------
     0 | D:1      | MTVSty1e the Gargoyle Monk began the quest for the Orb.
     0 | D:1      | Reached XP level 1. HP: 14/14 MP: 1/1
    61 | D:1      | Reached skill level 3 in Axes
   133 | D:1      | Reached XP level 2. HP: 19/19 MP: 2/2
   564 | D:1      | Reached XP level 3. HP: 23/23 MP: 3/3
   831 | D:2      | Reached skill level 4 in Axes
   853 | D:2      | Found an ornate altar of the Wu Jian Council.
  1194 | D:3      | Found a faded altar of an unknown god.
  1233 | D:3      | Reached XP level 4. HP: 21/28 MP: 4/4
  1420 | D:3      | Killed from afar by an orc priest

Skill      XL: |  1  2  3 |
---------------+----------+-----
Axes           | 3 4 |  4.5
Fighting       | |  3.2
Dodging        | |  2.4
Stealth        | |  2.1

Action                   |  1- 3 |  4- 6 || total
-------------------------+-------+-------++-------
Melee: Hand axe          |   103 |    23 ||   126
  Use: Scroll            |     6 |       ||     6
       Potion            |       |     1 ||     1
 Stab: Sleeping          |     5 |       ||     5
  Eat: Ration            |     1 |       ||     1
Armor: Leather armour    |    43 |     6 ||    49
       Robe              |     1 |       ||     1
Dodge: Dodged            |    64 |    11 ||    75
